[Event "1st Semana Santa Torrevieja 2022"]
[Site "Torrevieja Alicante"]
[Date "2022.04.17"]
[Round "8.15"]
[White "Makkar, Rajat"]
[Black "Del Rio De Angelis, Salvador G."]
[Result "1/2-1/2"]
[ECO "A13"]
[WhiteElo "2252"]
[BlackElo "2452"]
[Annotator "TA"]
[PlyCount "63"]
[EventDate "2022.04.12"]
[EventType "swiss"]
[EventCountry "ESP"]
[SourceTitle "playchess.com"]
[Source "ChessBase"]
[SourceQuality "1"]
[TimeControl "5400+30"]

1. Nf3 Nf6 2. c4 e6 3. e3 g6 4. b3 Bg7 5. Bb2 O-O 6. Qc2 {[%emt 0:03:21] A13: English Opening: 1...e6.} b6 7. Nc3 Bb7 8. Be2 {[%emt 0:00:15] [#] The position is equal.} c5 $146 ({Predecessor:} 8... d5 9. cxd5 exd5 10. O-O Re8 11. d4 Nbd7 12. Ba3 Rc8 13. Nb5 a6 14. Na7 Ra8 {1-0 (28) Benevenga,A (1814)-Da Cruz,J Porto Alegre 2013}) 9. O-O Nc6 10. d4 cxd4 11. exd4 d5 12. Rad1 Rc8 13. Qb1 Na5 14. c5 Ne4 15. Nxe4 dxe4 16. Nd2 Nc6 (16... Bxd4 $2 17. Bxd4 Qxd4 18. b4 $18) (16... bxc5 $11 17. dxc5 Bxb2 18. Qxb2 Qg5) 17. Nxe4 $16 Bxd4 18. Bb5 bxc5 {[%emt 0:05:07] [#]} 19. Nxc5 $1 Bxc5 (19... Qb6 20. Nxb7) 20. Rxd8 Rfxd8 21. Qe4 {[%emt 0:02:12] Threatens to win with Bxc6.} Rd5 22. h4 Nd4 (22... Bb6 $16 23. a4 Na5) 23. Bc4 $18 Rd7 24. Qe5 Bb6 25. h5 (25. Re1 $1 $18 {and White stays clearly on top.}) 25... Rc5 $16 26. Qb8+ ({Avoid the trap} 26. Qf6 $2 Rxh5 27. Rb1 (27. Re1 $2 Rf5 $19) 27... Rf5 $19) 26... Rc8 $1 27. Qe5 {[%emt 0:00:49] aiming for h6. Really sharp!} Rc5 28. Qb8+ $40 {[%emt 0:00:03][%mdl 128] White is up to no good.} ({Not} 28. Qf6 $2 Rxh5 29. Rb1 (29. Re1 $2 Rf5 $19) 29... Rf5 $19) 28... Rc8 $1 {[%emt 0:00:05] [#]} 29. Qh2 {[%emt 0:00:11] Black must now prevent Re1.} Rc5 $1 {[%emt 0:00:14] ...Bc7 is the strong threat.} 30. Bxd4 ({Weaker is} 30. hxg6 {[#]} Nf3+ $1 31. gxf3 Rg5+ 32. Qg2 Rxg6 33. Qxg6+ hxg6 $17) 30... Rxd4 31. Qb8+ Bc8 32. hxg6 {[%emt 0:03:31] Weighted Error Value: White=0.10 (very precise) /Black=0.15 (very precise)} ({White should try} 32. h6 $16) 1/2-1/2

[Event "1st Semana Santa Torrevieja 2022"]
[Site "Torrevieja Alicante"]
[Date "2022.04.17"]
[Round "8.16"]
[White "De La Cruz Revilla, Miguel"]
[Black "Ayats Llobera, Gerard"]
[Result "1/2-1/2"]
[ECO "B07"]
[WhiteElo "2209"]
[BlackElo "2438"]
[Annotator "TA"]
[PlyCount "94"]
[EventDate "2022.04.12"]
[EventType "swiss"]
[EventCountry "ESP"]
[SourceTitle "playchess.com"]
[Source "ChessBase"]
[SourceQuality "1"]
[TimeControl "5400+30"]

1. e4 d6 2. d4 g6 3. Nc3 Bg7 4. Be3 c6 5. Qd2 Nd7 6. h4 Ngf6 7. f3 b5 8. Bh6 {[%emt 0:05:28] B07: Pirc Defence: Miscellaneous Systems.} Bxh6 9. Qxh6 Qa5 10. Qd2 {[%emt 0:04:01] [#]} O-O $146 ({Predecessor:} 10... Rb8 11. Nge2 Nb6 12. b3 b4 13. Nd1 Ba6 14. Ne3 Nh5 15. c4 bxc3 16. Qxc3 Qxc3+ 17. Nxc3 Bxf1 18. Rxf1 {½-½ (28) Papp,G (2589)-Almasi,Z (2687) Germany 2019}) 11. h5 b4 12. Nd1 Nxh5 13. g4 Ng3 14. Rh3 Nxf1 15. Qh6 {[%emt 0:04:43][%csl Gh3][%cal Rh6h7] [#]} Nf6 {[%emt 0:00:22] Strongly threatening ...Ba6.} 16. Kxf1 Re8 (16... Qb6 $1 $17 17. Ne2 Ba6) 17. Ne2 $14 e5 18. Nf2 (18. Ng3 $14) 18... exd4 (18... b3 $11 {keeps the balance.}) 19. Nxd4 $16 Qe5 20. Rd1 c5 {[%emt 0:11:35] [#]} 21. f4 $1 Qe7 $1 $11 22. Nf5 {[%emt 0:02:56] The board is on fire.} Bxf5 (22... Qf8 $1 $11) 23. gxf5 $40 {[%emt 0:00:21][%cal Of2g4][%mdl 128] And now Ng4! would win. Black needs to defend precisely.} Qf8 {[%emt 0:00:15] [#] Threatens to win with ...Qxh6.} 24. Ng4 Qg7 (24... Qxh6 $2 25. Nxf6+ Kg7 26. Nxe8+ Rxe8 27. f6+ Kxf6 28. Rxh6 $18) 25. Qxg7+ {[%emt 0:09:44][%mdl 64] Remove Defender} Kxg7 26. Nxf6 Kxf6 27. Rxd6+ $16 {[%emt 0:00:11][%mdl 4096] Endgame KRR-KRR} Ke7 28. Rd5 ({White should play} 28. Ra6 $16) 28... Kf6 $11 29. Rd6+ (29. Re3 $11) 29... Ke7 $1 $16 30. Ra6 Kf8 (30... h5 $142) 31. Rxh7 Kg8 32. fxg6 fxg6 33. Rd7 {[%emt 0:00:33] 0x0.001a398f4a34dp-1022s more active pieces.} ({Reject} 33. Rhxa7 $6 Rxa7 34. Rxa7 Rxe4 $11) 33... Rxe4 34. Rxg6+ Kh8 35. Rf6 Rae8 36. Kf2 Re2+ 37. Kf3 Rxc2 38. f5 {[%emt 0:02:14] Threatening mate with Rh6+.} Rh2 {[%emt 0:00:47] Inhibits Rh6+.} 39. Rxa7 c4 40. Kg3 Rh1 (40... Rxb2 {leads to mate.} 41. Rh6+ Kg8 42. f6 Re3+ 43. Kf4 Rf2+ 44. Kxe3 Rg2 45. f7+ Kg7 {[#]} 46. Rh7+ $3 Kg6 47. f8=Q Rg3+ 48. Kf4) 41. Rc7 {[%emt 0:00:55] Against Rc8} (41. Rc6 $16) 41... Rg8+ (41... c3 $1 $14 42. bxc3 bxc3 43. Rxc3 Ra8) 42. Rg6 (42. Kf4 $16) 42... Rxg6+ $11 {[%emt 0:00:48] The position is equal.} 43. fxg6 Rb1 44. Kf4 Rxb2 45. Rxc4 Kg7 46. Kf5 Rf2+ 47. Rf4 Rxf4+ {[%emt 0:00:20] Weighted Error Value: White=0.21 (precise) /Black=0.17 (very precise)} 1/2-1/2

[Event "1st Semana Santa Torrevieja 2022"]
[Site "Torrevieja Alicante"]
[Date "2022.04.17"]
[Round "9.1"]
[White "Moussard, Jules"]
[Black "Cuenca Jimenez, Jose Fernando"]
[Result "1-0"]
[ECO "B30"]
[WhiteElo "2630"]
[BlackElo "2552"]
[Annotator "TA"]
[PlyCount "263"]
[EventDate "2022.04.12"]
[EventType "swiss"]
[EventCountry "ESP"]
[SourceTitle "playchess.com"]
[Source "ChessBase"]
[SourceQuality "1"]
[TimeControl "5400+30"]

1. e4 c5 2. Nf3 Nc6 3. Bb5 e5 4. O-O Bd6 5. c3 a6 6. Ba4 b5 7. Bc2 Nge7 8. a4 b4 9. d3 O-O 10. Be3 Ng6 11. Nbd2 Be7 12. Bb3 Na5 13. Bd5 Rb8 14. d4 bxc3 15. bxc3 cxd4 16. cxd4 Bf6 17. dxe5 Nxe5 18. Nxe5 Bxe5 19. Rc1 Bb7 20. Nf3 Bb2 21. Rc2 Bf6 22. Bxb7 Rxb7 23. Qd3 Nc6 24. Bc5 Nb4 25. Bxb4 Rxb4 26. e5 Be7 27. Qxa6 Qa8 28. Qxa8 Rxa8 29. Rc7 Rbxa4 30. Rxd7 R4a7 31. Rxa7 Rxa7 32. Rc1 Rd7 33. Kf1 g6 34. Ke2 f6 35. Rc6 fxe5 36. Nxe5 Rb7 37. g3 Kg7 38. h4 Bf6 39. Nd3 Bd4 40. Kf3 Rf7+ 41. Kg2 Rf6 42. Rc7+ Rf7 43. Rc4 Rd7 44. Nf4 Kf7 45. Kf3 Be5 46. Ne2 Bf6 47. Rc5 Rb7 48. Nc1 Rd7 49. Rc4 Be5 50. Ke2 Rc7 51. Nd3 Re7 (51... Bxg3 $2 52. fxg3 $1 Re7+ 53. Kf3 $18) 52. Kf3 Bf6 53. Rc6 Re6 54. Rc5 Re7 55. Rd5 Ra7 56. Rb5 Rc7 57. Nc5 Be7 58. Ne4 Ra7 59. Kf4 Rd7 60. h5 Kg7 61. f3 Bd6+ (61... Ra7 $14) 62. Kg4 (62. Nxd6 $16 {Black must now prevent Rb7.} Rxd6 63. g4) 62... Be7 $14 63. Rb6 Rd5 64. hxg6 hxg6 65. Rc6 Kf7 66. Kf4 Rf5+ 67. Ke3 $1 Ra5 68. Rc7 Ke6 69. Rb7 Ra3+ 70. Kf4 Ra5 71. Kg4 Rd5 72. f4 Ra5 73. Nd2 Rd5 74. Nc4 Bf6 $1 75. Rb6+ Ke7 $1 76. Rc6 Rd4 77. Nb6 Kf7 $1 78. Nc8 Bd8 79. Nd6+ Kg7 80. Ra6 Be7 81. Nb5 Rd3 82. Rc6 Kf7 83. Nc3 Rd4 84. Ne2 ({Don't take} 84. Rc7 Ke6 $16) 84... Rb4 85. Nc3 Rd4 $1 86. Nb5 Rd5 87. Rb6 Rd7 88. Ra6 Rd8 89. Ra7 Rd5 90. Nc3 Rd4 91. Ne2 Rb4 92. Kf3 Ke6 93. Ra5 Bf6 94. Nc1 Rd4 95. g4 Be7 96. Ke3 Rd5 97. Ra6+ Rd6 98. Ra4 Rb6 99. Nd3 Bd6 100. Ke4 Rc6 (100... Kf6 $16) 101. Ne1 (101. Ne5 $1 $18 Bxe5 102. fxe5) 101... Rb6 $14 102. Nc2 Bc5 103. Ra5 Rc6 104. Ne1 Bb4 105. Re5+ Kf7 106. Nd3 Bd6 107. Kd5 Rc3 108. Kd4 Ra3 109. Rb5 Ra4+ 110. Ke3 Ke6 {[%emt 0:00:15] [#]} 111. Rb6 ({White should play} 111. Re5+ $1 $14 Kf7 (111... Kf6 112. Re4) 112. Re4) 111... Kd5 $11 112. Rb5+ (112. Rb1 $11) 112... Ke6 $14 113. Rc5 Ke7 114. Rc6 Kd7 (114... g5 $5) 115. Rb6 g5 116. Rb7+ Kc6 117. Rf7 gxf4+ 118. Nxf4 Bxf4+ $2 (118... Ra3+ $11 119. Nd3 Kd5) 119. Rxf4 Ra3+ 120. Ke4 $1 Ra5 121. Rf6+ Kd7 {[%emt 0:00:06] [#]} 122. Kf4 $1 Ke7 123. g5 Ra8 {[%emt 0:01:02] [#]} 124. Kf5 $1 Rg8 125. g6 Rb8 126. Rf7+ Ke8 127. Kf6 Rb6+ 128. Kg7 Rb1 129. Kg8 Rh1 130. g7 Rh2 131. Rf4 Re2 132. Rh4 1-0

[Event "1st Semana Santa Torrevieja 2022"]
[Site "Torrevieja Alicante"]
[Date "2022.04.17"]
[Round "9.2"]
[White "Iturrizaga Bonelli, Eduardo"]
[Black "Yuffa, Daniil"]
[Result "1-0"]
[ECO "A20"]
[WhiteElo "2595"]
[BlackElo "2576"]
[Annotator "TA"]
[PlyCount "61"]
[EventDate "2022.04.12"]
[EventType "swiss"]
[EventCountry "ESP"]
[SourceTitle "playchess.com"]
[Source "ChessBase"]
[SourceQuality "1"]
[TimeControl "5400+30"]

1. c4 e5 2. g3 c6 3. Nf3 e4 4. Nd4 d5 5. cxd5 Qxd5 6. e3 Bc5 {[%emt 0:00:24] A20: English Opening: 1...e5.} 7. Nc3 Qe5 8. f3 $5 {[%emt 0:00:00][%mdl 4] [#] Leaves trodden paths.} Bxd4 $146 {[%emt 0:04:12] The position is equal.} ({Predecessor:} 8... Nf6 9. fxe4 Bxd4 10. exd4 Qxd4 11. d3 O-O 12. Qe2 Re8 13. h3 Nd5 14. Qf2 Qb6 {0-1 (22) Saarikoski,K (2239)-Arppi,H (2306) ICCF email 2021}) 9. exd4 Qxd4 10. Qe2 Nf6 (10... Ne7 $5 ) 11. fxe4 Na6 12. d3 $1 Bg4 13. Be3 Qd7 14. Qd2 O-O-O (14... Bf3 $11 15. Rg1 Bg4) 15. h3 $1 $16 Bf3 {[%emt 0:07:51] [#]} 16. Rh2 Nb4 17. Rf2 Bh5 18. g4 $36 {[%emt 0:00:00][%mdl 2048] White has strong initiative.} Bg6 19. Rd1 {[%emt 0:00:00] a3 is the strong threat.} ({But not} 19. Bxa7 Nxd3+ 20. Bxd3 Qxd3 $15) (19. O-O-O $5 ) 19... Qc7 ({Black should play} 19... Kb8 $1 $14) 20. a3 ({Stronger than} 20. Bxa7 b6 21. Na4 {[#]} (21. g5 Nd7 $17) 21... Nxd3+ $1 22. Bxd3 Qxa7 $17) 20... Nxd3+ (20... Na6 {keeps fighting.}) 21. Bxd3 $18 {[%emt 0:00:00] Hoping for Bf4.} Qg3 {[%emt 0:00:05] [#]} (21... Nxe4 22. Nxe4 Bxe4) 22. Nb5 $1 b6 23. Nxa7+ Kb7 {[%emt 0:00:05] [#]} 24. Nxc6 $1 Kxc6 (24... Rd6 25. Nb4) 25. Bf4 {[%emt 0:00:42] Intending Qc3+ and mate.} Qxd3 26. Qc1+ Kb5 27. Rxd3 Rxd3 28. a4+ Kb4 29. Bd6+ {[%emt 0:00:38] White mates.} Rxd6 30. Qc3+ Kxa4 31. Qc4+ {[%emt 0:00:04] Weighted Error Value: White=0.05 (flawless) /Black=0.71} 1-0

[Event "1st Semana Santa Torrevieja 2022"]
[Site "Torrevieja Alicante"]
[Date "2022.04.17"]
[Round "9.3"]
[White "Grigoryan, Karen H."]
[Black "Gomez Ledo, Roberto Carlos"]
[Result "1-0"]
[ECO "C54"]
[WhiteElo "2636"]
[BlackElo "2471"]
[Annotator "TA"]
[PlyCount "117"]
[EventDate "2022.04.12"]
[EventType "swiss"]
[EventCountry "ESP"]
[SourceTitle "playchess.com"]
[Source "ChessBase"]
[SourceQuality "1"]
[TimeControl "5400+30"]

1. e4 e5 2. Nf3 Nc6 3. Bc4 Bc5 4. c3 Nf6 5. d3 a6 6. O-O d6 7. Bb3 Ba7 8. h3 h6 9. Be3 {[%emt 0:09:59] is the legacy move (9.Re1).} O-O 10. Bxa7 {[%emt 0:03:01] C54: Giuoco Piano: 4 c3 Nf6, main lines with 5 d4 and 5 d3.} Rxa7 11. Nbd2 Ne7 12. Re1 {[%emt 0:01:16] The position is equal.} Ng6 13. Nf1 Ra8 14. Ng3 {[%emt 0:02:11] [#]} Nh7 $146 ({Predecessor:} 14... Kh7 15. d4 Qe8 16. Bc2 Nf4 17. Qd2 g6 18. Rad1 Rg8 19. c4 Qe7 {1-0 (34) Almasi,I (2350)-Hohler,P (2295) Budapest 1992}) 15. d4 Ng5 16. Re3 Nf4 17. dxe5 {[%emt 0:06:20] And now Nxg5 would win.} Nxf3+ 18. Qxf3 dxe5 19. Rd1 Qg5 20. Kh2 (20. Nf5 $5) 20... Rb8 (20... a5 {is more complex.} 21. Bc2 g6 22. Ne2 Be6) 21. Ne2 Ne6 22. g3 ({Better is} 22. Qf5) 22... Qe7 23. Qg2 Nc5 24. Bc2 Be6 25. Nc1 Rfd8 26. Ree1 Rxd1 27. Rxd1 Rd8 {[%emt 0:00:08] Threatens to win with ...Rxd1.} 28. Qf1 Rxd1 29. Qxd1 Kf8 30. b4 Nd7 31. Bb3 g6 32. Nd3 f5 33. Qf3 c6 34. exf5 $2 {[%emt 0:01:38] [#]} (34. Qe2 $11) 34... gxf5 $2 (34... Bxb3 $1 $17 35. fxg6+ (35. axb3 $2 e4 $17) 35... Nf6) 35. Qe3 $11 Kg7 (35... Qf6 $1 $11 {remains equal.}) 36. Nc5 $16 Bxb3 37. Nxd7 {[%emt 0:00:37][%mdl 64] Deflection} Qxd7 $2 {[%emt 0:01:23] This costs Black the game.} (37... Bxa2 $16 {keeps fighting.} 38. Nxe5 Kf6) 38. Qxe5+ $18 Kg6 39. axb3 {[%emt 0:00:07][%mdl 4096] Endgame KQ-KQ} Qf7 (39... Qd1 $142 40. Qe6+ Kg7) 40. c4 Qd7 41. Kg2 Kf7 42. h4 Kg6 43. Qe2 Qd6 $2 {[#]} (43... Kh7 {was called for.} 44. h5 Kg8) 44. Qe8+ Kg7 45. h5 b5 (45... b6 $142 46. c5 bxc5 47. bxc5 Qxc5 48. Qg6+ Kh8 49. Qxh6+ Kg8 50. Qg6+ Kh8 51. Qh6+ Kg8 52. Qg5+ Kh7 53. Qg6+ Kh8 54. Qf6+ Kh7 55. Qf7+ Kh8) 46. c5 Qf6 47. Qd7+ Kf8 48. Qc8+ Ke7 49. Qb7+ Kd8 50. Qxa6 Qe6 51. Qa1 Qe4+ 52. Kg1 Qe6 53. Qc3 Kc8 54. Qd3 Kb7 55. Qe3 Qf6 56. Kg2 Ka6 57. Qe8 {[%emt 0:00:00][%cal Re8a8] White mates.} Kb7 58. Qd7+ Ka6 59. Qc7 {[%emt 0:00:00] Weighted Error Value: White=0.18 (very precise) /Black=0.33} 1-0

[Event "1st Semana Santa Torrevieja 2022"]
[Site "Torrevieja Alicante"]
[Date "2022.04.17"]
[Round "9.4"]
[White "Sochacki, Christophe"]
[Black "Dardha, Daniel"]
[Result "1/2-1/2"]
[ECO "D37"]
[WhiteElo "2485"]
[BlackElo "2541"]
[Annotator "TA"]
[PlyCount "78"]
[EventDate "2022.04.12"]
[EventType "swiss"]
[EventCountry "ESP"]
[SourceTitle "playchess.com"]
[Source "ChessBase"]
[SourceQuality "1"]
[TimeControl "5400+30"]

1. d4 d5 2. c4 e6 3. Nc3 h6 4. Nf3 Nf6 5. Bf4 Bd6 6. Bxd6 {[%emt 0:03:00] D37: Queen's Gambit Declined: 5 Bf4.} Qxd6 $1 {[%emt 0:00:08] 6...Qxd6 scores better than 6...cxd6.} 7. e3 O-O 8. Be2 {[%emt 0:03:23] [#] White has an edge.} Qe7 $146 ({Predecessor:} 8... dxc4 9. Bxc4 c5 10. O-O Nc6 11. Rc1 Rd8 12. dxc5 Qxc5 13. Qe2 Qe7 14. Rfd1 Bd7 {0-1 (87) Gagunashvili,M (2573)-Nihal,S (2662) Warsaw 2021}) 9. O-O Rd8 10. Qc2 dxc4 11. Bxc4 c5 12. dxc5 Qxc5 {[%emt 0:01:51] [#]} 13. Rfd1 $1 Bd7 14. Ne4 Nxe4 15. Qxe4 Nc6 16. a3 a5 17. h3 Be8 18. Bd3 {[%emt 0:01:51] [#] Black must now prevent Qh7+.} g6 19. Rac1 Qe7 20. Qf4 Kg7 21. Be4 Rac8 22. Rxd8 Rxd8 23. Bxc6 Bxc6 24. Ne5 Be8 $1 25. Ng4 $132 {[%emt 0:02:02][%cal Be5g4,Bg4h2,Bh2f3][%mdl 2080] White is not holding back} Qg5 (25... h5 $5 26. Qh6+ (26. Rc7 Rd1+ 27. Kh2 Qd6 $11) 26... Kg8 $11) 26. Qc4 {[%emt 0:02:58] Qc3+ is the strong threat.} Qe7 27. Qc3+ f6 28. Qxa5 h5 $1 29. Nh2 Bc6 30. Nf3 {[%emt 0:01:58] aiming for Nd4.} e5 {[%emt 0:00:45] Prevents Nd4.} 31. b4 Rd5 $1 {[%emt 0:02:55] Inhibits b5. The position is equal.} 32. Qb6 Qd6 33. a4 Rd1+ 34. Rxd1 Qxd1+ 35. Kh2 Bxf3 36. gxf3 Qxf3 37. Kg1 Qd1+ 38. Kh2 Qf3 39. Kg1 Qd1+ {[%emt 0:00:56] Weighted Error Value: White=0.06 (flawless) /Black=0.03 (flawless)} 1/2-1/2

[Event "1st Semana Santa Torrevieja 2022"]
[Site "Torrevieja Alicante"]
[Date "2022.04.17"]
[Round "9.5"]
[White "Chatalbashev, Boris"]
[Black "Larino Nieto, David"]
[Result "1/2-1/2"]
[ECO "B00"]
[WhiteElo "2515"]
[BlackElo "2440"]
[Annotator "TA"]
[PlyCount "166"]
[EventDate "2022.04.12"]
[EventType "swiss"]
[EventCountry "ESP"]
[SourceTitle "playchess.com"]
[Source "ChessBase"]
[SourceQuality "1"]
[TimeControl "5400+30"]

1. d4 b6 2. e4 Bb7 3. Bd3 e6 4. Nf3 c5 5. c3 Nf6 6. Qe2 cxd4 7. cxd4 Bb4+ 8. Nc3 d5 $1 9. e5 Ne4 $1 10. O-O Nxc3 11. bxc3 Be7 $1 12. h4 Qc8 13. a4 Ba6 14. Bb5+ Bxb5 15. axb5 (15. Qxb5+ Nc6 $11) 15... a5 16. Bg5 Ra7 17. Rfc1 O-O (17... Bxg5 $11 18. hxg5 (18. Nxg5 Rc7 $11) 18... Rc7) 18. c4 $16 Bxg5 ({Black should play} 18... dxc4 $1 $14 19. Rxc4 (19. Qxc4 Qxc4 20. Rxc4 h6 $11) 19... Qd8) 19. hxg5 (19. Nxg5 $16 h6 20. cxd5 $1) 19... Rc7 $11 20. Nd2 Rd8 (20... Nd7 $11 {remains equal.}) 21. Rc3 dxc4 22. Rxc4 (22. Nxc4 $16 Nd7 23. Nd6 Rxc3 24. Nxc8 Rdxc8 25. f4) 22... Rxc4 $11 23. Nxc4 Rxd4 24. Nxb6 Qc7 25. Na4 (25. Na8 $5 Qc3 26. Qf1 $15) 25... Nd7 26. Qe1 g6 (26... Nxe5 27. b6 Qd6 28. b7 $16) 27. Nc3 Nc5 (27... Nxe5 $6 28. b6 Qb8 29. Rxa5 $11) ({Black should try} 27... Kg7 $17 28. f3 Nc5) 28. Rb1 $11 Nd3 29. b6 Qxb6 $1 30. Qe3 Qc5 31. Rb8+ $2 (31. Ne4 $1 $11 {and White is okay.} Rxe4 32. Qxe4 Qxf2+ 33. Kh2) 31... Kg7 $19 32. Ne2 ({Not} 32. Qh3 $2 h5 33. gxh6+ Kh7 $19) 32... Rb4 33. Qxc5 Nxc5 34. Ra8 Nd3 35. Nc3 (35. Rxa5 $17 Rb1+ 36. Kh2) 35... a4 ({Stronger than} 35... Nxe5 36. Rxa5 Ng4 37. Kf1 $17) (35... Rg4 $1 $19 {and Black stays clearly on top.} 36. Rxa5 Rxg5) 36. Rxa4 $17 Rxa4 37. Nxa4 Nxe5 38. Nc5 h6 39. gxh6+ Kxh6 40. f3 Nc4 41. Kf2 Kg5 42. g3 Kf5 43. Nd3 g5 44. g4+ Kf6 45. Kg3 Ke7 46. f4 Kf6 47. Nc5 Kg6 48. Ne4 $1 gxf4+ 49. Kxf4 f6 50. Kf3 e5 51. Kg3 Kf7 52. Kf3 Ke7 53. Kg3 Nd6 54. Nc5 Nf7 55. Kf3 $1 Ng5+ 56. Ke3 Kd6 57. Na4 Kd5 58. Nc3+ Ke6 59. Ne2 Nf7 60. Ng1 Nd6 61. Nf3 Kd5 62. g5 f5 63. g6 $2 {[%emt 0:00:08][%mdl 8192] [#]} (63. Nh4 $11 {and White has nothing to worry.}) 63... Ne8 $1 $19 64. Ng5 $2 (64. Ne1) 64... Ng7 $19 65. Nh7 Nh5 $2 (65... Kd6 {And now ...Ke7 would win.} 66. Ng5 Ke7) 66. Ng5 $19 {[%emt 0:01:08] [#]} e4 $2 ({Better is} 66... Kd6 $1 $19 {[%cal Rd6e7] Hoping for ...Ke7.} 67. Nf3 Kd5) 67. Nf7 $2 (67. Kf2 $11 f4 68. Kg2) 67... f4+ 68. Kf2 Ke6 69. Kg2 Kd5 70. Kf2 Kd4 71. Ke2 Ng3+ (71... Ng7 $142 72. Kf2 Kd5) 72. Kf2 (72. Kd2 $142 e3+ 73. Kc2) 72... Nf5 $19 73. Nd6 e3+ $2 ({Weaker is} 73... Nxd6 74. g7 $18) (73... Ng7 $19 {...Ke5 is the strong threat.} 74. Nb7 Kd5) 74. Ke2 $11 Ng7 (74... Nxd6 $2 75. g7 $18) 75. Nf7 Ke4 76. Nd6+ Kd5 77. Nb5 Ke5 78. Nc3 Ne6 (78... Kd4 $5 79. Nb5+ Ke4 80. Nc3+ Kf5 $11) 79. Kf3 $1 Kf5 80. g7 Nxg7 81. Nd5 Ne6 82. Nxf4 Nxf4 83. Kxe3 Ke5 1/2-1/2

[Event "1st Semana Santa Torrevieja 2022"]
[Site "Torrevieja Alicante"]
[Date "2022.04.17"]
[Round "9.6"]
[White "Garrido Outon, Alex"]
[Black "Nasuta, Grzegorz"]
[Result "1/2-1/2"]
[ECO "C78"]
[WhiteElo "2426"]
[BlackElo "2530"]
[Annotator "TA"]
[PlyCount "68"]
[EventDate "2022.04.12"]
[EventType "swiss"]
[EventCountry "ESP"]
[SourceTitle "playchess.com"]
[Source "ChessBase"]
[SourceQuality "1"]
[TimeControl "5400+30"]

1. e4 e5 2. Nf3 Nc6 3. Bb5 a6 4. Ba4 Nf6 5. O-O b5 6. Bb3 Bc5 7. a4 Bb7 8. d3 O-O 9. Bg5 h6 {[%emt 0:00:16] C78: Ruy Lopez: Archangelsk and Möller Defences.} 10. Bh4 {[%emt 0:00:23] 10.axb5 is not played anymore.} g5 {[%emt 0:00:39] 10...Be7 is the hot move.} 11. Bg3 d6 {[%emt 0:00:08] White is slightly better.} 12. c3 Ne7 13. Na3 Ng6 {[%emt 0:06:49] [#]} 14. axb5 $146 (14. Nc2 $16) ({Predecessor:} 14. Nc2 Kh7 15. Ne3 bxa4 16. Rxa4 Bxe3 17. fxe3 Kg7 18. Nd2 h5 19. Qe2 h4 20. Be1 {0-1 (68) Vovk,A (2605)-Bachmann,A (2575) Cappelle la Grande 2014}) 14... axb5 $11 15. Nxb5 Rxa1 $1 16. Qxa1 Qd7 17. Na3 h5 18. Qc1 $1 (18. Nxg5 h4 19. Bxh4 Nxh4 $17) 18... Nh7 19. h3 ({Much worse is} 19. Nxg5 h4 $17) 19... Qe7 (19... h4 $14 20. Bh2 g4 21. hxg4 Qxg4) 20. Nc4 $16 Qf6 21. Qd2 Nf4 22. Bxf4 gxf4 23. d4 Bxe4 24. dxe5 $2 (24. dxc5 $18 Bxf3 25. gxf3) 24... Qf5 $1 $14 {[%emt 0:00:53] [#] Hoping for ...Bxf3.} 25. Nd4 ({Avoid the trap} 25. exd6 $2 Bxf3 26. gxf3 Kh8 $19) ({Better is} 25. Bd1 $1 $16) 25... Bxd4 $11 {[%emt 0:03:45] The position is equal.} 26. Qxd4 d5 27. Nd2 {[%emt 0:00:00] Black must now prevent Re1.} f3 28. gxf3 Qxh3 {[%emt 0:00:33][%cal Og8h8] [#] Threatens to win with ...Kh8!} 29. fxe4 Kh8 30. e6+ f6 31. f4 $1 Qg3+ 32. Kh1 Qh3+ 33. Kg1 Qg3+ 34. Kh1 Qh3+ {[%emt 0:00:11] Weighted Error Value: White=0.22 (precise) /Black=0.11 (very precise)} 1/2-1/2

[Event "1st Semana Santa Torrevieja 2022"]
[Site "Torrevieja Alicante"]
[Date "2022.04.17"]
[Round "9.7"]
[White "Vasquez Schroeder, Rodrigo"]
[Black "Moral Garcia, Serafin"]
[Result "1/2-1/2"]
[ECO "D76"]
[WhiteElo "2493"]
[BlackElo "2214"]
[Annotator "TA"]
[PlyCount "82"]
[EventDate "2022.04.12"]
[EventType "swiss"]
[EventCountry "ESP"]
[SourceTitle "playchess.com"]
[Source "ChessBase"]
[SourceQuality "1"]
[TimeControl "5400+30"]

1. d4 Nf6 2. c4 g6 3. g3 Bg7 4. Bg2 d5 5. cxd5 Nxd5 6. Nf3 Nb6 7. O-O O-O 8. Nc3 Nc6 9. e3 Re8 10. Nh4 {[%emt 0:02:44] D76: Fianchetto Grünfeld: Main Line with 7...Nb6.} a5 11. f4 {[%emt 0:01:27] [#]} Nb4 $146 ({Predecessor:} 11... a4 12. Qe2 Be6 13. Rd1 Bc4 14. Qf2 e6 15. Nf3 Nd5 16. Nd2 Ba6 17. Nde4 b6 {0-1 (59) Martinez Alcantara,J (2602)-Maghsoodloo,P (2664) Chess.com INT 2019}) 12. Qe2 {[%emt 0:04:29] White is slightly better.} Be6 13. Rd1 f5 14. Bxb7 Rb8 15. Bg2 N4d5 16. e4 (16. Bd2 $16) 16... Nxc3 $14 17. bxc3 Bc4 18. Qc2 (18. Qe1 $5 ) 18... e6 19. Rb1 Qd7 20. Rb2 Na4 21. Rxb8 Rxb8 22. exf5 exf5 23. Nf3 Nb6 24. Ne5 Bxe5 25. fxe5 Qe6 ({Black should try} 25... Qa4 26. Rd2 Qxc2 27. Rxc2 Nd5) 26. Rd2 Bd5 27. Bxd5 $1 Qxd5 {[%emt 0:00:44] [#]} 28. Re2 (28. Qb3 $1 $16) 28... Qc4 29. Qb3 $1 {[%emt 0:10:26] aiming for Rb2.} Qxb3 (29... a4 $14 30. Qxc4+ Nxc4) 30. axb3 {[%emt 0:00:07][%mdl 4096] Endgame KRB-KRN} Nd5 (30... Ra8 {might work better.} 31. Bg5 Kf8) 31. c4 $18 Nc3 {[%emt 0:00:44] [#]} 32. Rb2 (32. Re3 $1 $18 {[%cal Re3c3] is the precise move to win.} Ne4 33. g4) 32... a4 33. bxa4 Rxb2 34. Bxb2 Nxa4 $16 {[%emt 0:00:02] KB-KN} 35. Bc1 {[%emt 0:02:06] And now e6 would win.} Nb6 36. c5 Nd5 37. Bd2 ({White should play} 37. Kf1 $16) 37... c6 (37... Kf7 $11 {remains equal.}) 38. Kf2 {[%emt 0:02:01] White is better.} Kf7 39. Ke2 Ke6 40. Kd3 Nc7 41. Kc4 Nd5 {[%emt 0:00:12] White really could win this.  Weighted Error Value: White=0.14 (very precise) /Black=0.14 (very precise)} 1/2-1/2